AoeStats
← sebas4fr

Arena

509142842Analyzed
3v3 RM · 6d ago on Sep 25, 2026· 32m 42s· 6 players
Game mode
Random Map
Map size
Normal (6 player)
Population
200
Speed
Normal
Resources
Standard
Victory
Conquest
Starting age
Dark Age
Ending age
Imperial Age
RankedLock teamsTeams togetherTeam positionsShared explorationLock speedFull tech treeHidden civsTurbo modeCheats
Victory
Defeat
🇨🇳 Romans · China
1224
+23
🇨🇦 Varangians · Canada
1068
+15
🇲🇾 Khmer · Malaysia
944
+21
🇵🇹 Armenians · Portugal
1125
-18
🇵🇹 Spanish · Portugal
1073
-16
🇵🇹 Danes · Portugal
950
-11
bitconnect
11:23 Feudal Age
15:46 Castle Age
14:25 Double-Bit Axe
15:00 Horse Collar
17:11 Bow Saw
19:33 Fletching
22:31 Fervor
22:43 Sanctity
22:56 Sanctity
31:43 Loom
31:43 Town Watch
Rocky Basto
9:23 Feudal Age
11:06 Double-Bit Axe
16:37 Castle Age
18:21 Padded Archer Armor
26:47 Husbandry
26:59 Bloodlines
λᛋᛋλᛋᛋIИØ™
12:08 Feudal Age
12:55 Double-Bit Axe
13:15 Gold Mining
14:43 Wheelbarrow
17:20 Castle Age
18:28 Pikeman
20:27 Bow Saw
22:24 Scale Mail Armor
22:34 Forging
24:34 Hand Cart
27:25 Loom
Alexios Komnenos
9:57 Feudal Age
9:21 Loom
12:06 Town Watch
14:34 Castle Age
12:27 Double-Bit Axe
22:45 Ballistics
31:26 Imperial Age
ataizz999
11:26 Feudal Age
9:56 Loom
15:45 Castle Age
20:58 Bloodlines
23:12 Forging
25:41 Husbandry
sebas4fr
3:37 Loom
11:03 Feudal Age
14:56 Castle Age
12:56 Double-Bit Axe
12:59 Horse Collar
16:24 Wheelbarrow
18:59 Hand Cart
22:40 Scale Mail Armor
23:02 Forging
24:43 Squires
25:34 Bow Saw
25:27 Arson
25:35 Gambesons
26:50 Heavy Plow
30:36 Iron Casting
30:16 Chain Mail Armor
30:21 Pikeman
30:22 Man-at-Arms
34:24 Imperial Age
31:57 Town Watch
33:05 Fortified Wall
Connection lost

Rejoining the realm…

Still unreachable

The connection could not be restored.

Session expired

The server has moved on; the page needs a fresh start.